 Dungeon Crawl Stone Soup version 0.31-a0-152-g6aa68a64a1 (webtiles) character file.

Game seed: 17403888784666145351

136671 Drazool the Fencer (level 16, -3/113 (128) HPs)
             Began as a Demonspawn Gladiator on June 10, 2023.
             Was a High Priest of Qazlal.
             Slain by a caustic shrike zombie (11 damage)
             ... on level 3 of the Abyss on June 11, 2023.
             The game lasted 01:29:34 (23765 turns).

Drazool the Fencer (Demonspawn Gladiator)          Turns: 23765, Time: 01:29:35

HP:   -3/113 (128)  AC: 27    Str: 25    XL:     16   Next: 67%
MP:   25/25         EV: 18    Int:  4    God:    Qazlal [*****.]
Gold: 3188          SH: 15    Dex: 18    Spells: 15/15 levels left

rFire   x . .        A - +2 great sword (heavy)
rCold   + . .        (shield currently unavailable)
rNeg    . . .        D - +2 leather armour of Yredelemnul {rElec Int-4 Slay+5 SInv}
rPois   .            c - +0 helmet
rElec   +            w - +1 cloak
rCorr   +            z - +0 pair of gloves
SInv    +            G - +0 pair of boots
Will    +....        H - amulet of reflection
Stlth   +            C - ring of protection from cold
HPRegen 0.38/turn    R - ring of resist corrosion
MPRegen 0.19/turn

%: repel missiles, reflection
@: about to teleport, protected from physical damage, on berserk cooldown,
slowed, heavily drained, unable to drink, very slow
A: hooves 2, rugged brown scales 2, icemail 2, powered by death 2, condensation
shield, strong 2, heat vulnerability 1, subdued magic 1, [inability to drink
after injury 2]
a: Renounce Religion, Upheaval, Elemental Force, Disaster Area


You were on level 3 of the Abyss.
You worshipped Qazlal.
Qazlal was extremely pleased with you.
You visited 4 branches of the dungeon, and saw 23 of its levels.
You visited the Abyss 1 time.
You also visited: Sewer and Bailey.

You collected 3188 gold pieces.


Innate Abilities, Weirdness & Mutations

You have hoof-like feet.
You are mostly covered in rugged brown scales. (AC +2, +5% HP)
A meltable icy envelope protects you from harm. (AC +8)
You regenerate health from kills.
A meltable shield of frost defends you. (SH +4)
Your muscles are very strong. (Str +8, Int/Dex -2)
You are vulnerable to heat. (rF-)
Your spells are a little easier to cast, but a little less powerful.
[You sometimes lose the ability to drink potions when taking damage.]


   Skills:
 - Level 10.2 Fighting
 + Level 15.8 Long Blades
 - Level 5.0 Throwing
 - Level 13.2 Armour
 - Level 11.0 Dodging
 - Level 5.0 Shields
 - Level 12.2 Invocations
 - Level 5.0 Evocations


You had 15 spell levels left.
You didn't know any spells.
Your spell library contained the following spells:

 Spells                   Type           Power      Damage    Failure   Level
 Ensorcelled Hibernation  Hex/Ice        0%         N/A       63%         2
 Passwall                 Tmut/Erth      0%         N/A       63%         2
 Scorch                   Fire           0%         2d5       63%         2
 Static Discharge         Conj/Air       0%         2-2/arc   63%         2
 Sublimation of Blood     Necr           0%         N/A       63%         2
 Wereblood                Tmut           0%         N/A       63%         2
 Dazzling Flash           Conj/Hex       0%         N/A       86%         3
 Swiftness                Air            0%         N/A       86%         3
 Vhi's Electric Charge    Tloc/Air       0%         N/A       86%         3
 Volatile Blastmotes      Fire/Tloc      0%         2d10      86%         3
 Airstrike                Air            0%         2d(0-16)  99%         4
 Animate Armour           Summ/Erth      0%         N/A       99%         4
 Flame Wave               Conj/Fire      0%         2d4       99%         4
 Iskenderun's Mystic Bla  Conj/Tloc      0%         2d3       99%         4
 Summon Lightning Spire   Summ/Air       0%         N/A       99%         4
 Arcjolt                  Conj/Air       0%         1d10      100%        5
 Blade Hands              Tmut           0%         N/A       100%        5
 Starburst                Conj/Fire      0%         6d3       100%        6
 Summon Cactus Giant      Summ           0%         N/A       100%        6
 Summon Hydra             Summ           0%         N/A       100%        7
 Maxwell's Capacitive Co  Air            0%         ∞         100%        8

Inventory:

Hand Weapons
 a - a +3 scimitar of flaming
 y - a +3 scimitar of flaming
 A - a +2 heavy great sword (weapon)
 X - a +2 scimitar of venom
Missiles
 d - a throwing net {=f}
 e - 4 javelins
 j - 4 curare-tipped darts {=f}
 F - 16 boomerangs
 J - 38 poisoned darts (quivered)
Armour
 c - a +0 helmet (worn)
 f - a +2 buckler
 q - a +0 buckler of reflection
 w - a +1 cloak (worn)
 z - a +0 pair of gloves (worn)
 B - a +0 troll leather armour {Pargi}
 D - the +2 leather armour of Yredelemnul (worn) {rElec Int-4 Slay+5 SInv}
   (You found it on level 3 of the Dungeon)

   Int:       It affects your intelligence (-4).
   Slay:      It affects your accuracy & damage with ranged weapons and melee
   (+5).
   rElec:     It insulates you from electricity.
   SInv:      It lets you see invisible.
 G - a +0 pair of boots (worn)
Jewellery
 l - an amulet of magic regeneration
 t - a +4 ring of protection
 C - a ring of protection from cold (left hand)
 H - an amulet of reflection (around neck)
 P - a ring of poison resistance
 R - a ring of resist corrosion (right hand)
Wands
 b - a wand of flame (31)
 s - a wand of mindburst (20)
 M - a wand of quicksilver (4)
 Q - a wand of charming (10)
Scrolls
 g - 5 scrolls of poison
 k - 4 scrolls of teleportation {@r2}
 m - 2 scrolls of fog
 u - 3 scrolls of amnesia
 x - 3 scrolls of vulnerability
 I - a scroll of butterflies
 K - 2 scrolls of noise
 L - 3 scrolls of enchant weapon
 N - 3 scrolls of enchant armour
 W - a scroll of magic mapping
 Z - 2 scrolls of identify {@r1}
Potions
 h - a potion of degeneration
 n - a potion of brilliance
 o - 2 potions of invisibility
 p - 6 potions of curing {@q1}
 r - a potion of ambrosia {unknown}
 v - 4 potions of lignification
 E - 3 potions of mutation
 O - a potion of might
 S - 2 potions of cancellation
 T - 5 potions of haste {@q3}
 U - a potion of enlightenment
 V - 6 potions of magic
Miscellaneous
 i - a lightning rod (4/4)

Dungeon Overview and Level Annotations

Branches:
Dungeon (15/15)            Temple (1/1) D:7            Lair (5/5) D:8
 Shoals (0/4) Lair:3       Spider (0/4) Lair:3        Slime (0/5) Lair:5
    Orc (2/2) D:9             Elf (0/3) Orc:2        Vaults (0/5) D:14
 Depths (0/4) D:15          Sewer (visited)          Bailey (visited)

Altars:
Ashenzari
Cheibriados
Dithmenos
Fedhas
Gozag
Hepliaklqana
Kikubaaqudgha
Makhleb
Nemelex Xobeh
Okawaru
Qazlal
Ru
Sif Muna
Trog
Uskayaw
Vehumet
Wu Jian
Xom
Yredelemnul

Shops:
D:4 [*   Orc:2 *(=[

Annotations:
D:4 3 runed translucent doors, jasper's ghost, amateur SpVM
D:10 5 transporters
D:15 Louise
Lair:2 exclusion: 2 oklob plants
Lair:3 exclusion: orb spider

▒ # . ▒▒ .▒
.# x.▒▒
▓#░.#▒ ▒. #
..
..W#....▒▒.
▒.
▒.Z▓35#..▒..
#.░▒ ▒#§@#
▓. .▒ .#
░.░X▓#. .▒
▒# ▒ .§▒░.
.#. #. ░
▓....... . .
.. ▒......≈
.. ▒
.....##≈≈≈
.. ▓..
...... ≈≈ ≈≈
.. ..
.......≈
≈≈≈# . . ...
≈≈ ≈≈ ≈≈#..
.#


You could see a shadow wraith (invisible), an ancient zyme, a large abomination,
a smoke demon, a shadow imp and a caustic shrike zombie.


Message History

You block the caustic shrike zombie's attack.
A smoke demon comes into view.
The shadow imp grinds its teeth.
The large abomination hits you but does no damage.
Unknown command.
You completely miss the caustic shrike zombie.
The caustic shrike zombie is almost destroyed.
You hear a roar!
The caustic shrike zombie claws you!
* * * LOW HITPOINT WARNING * * *
The caustic shrike zombie claws you but does no damage.
You block the smoke demon's attack. x2; The smoke demon misses you.
The caustic shrike zombie misses you.
The large abomination closely misses you.
The smoke demon hits you but does no damage. x3
The caustic shrike zombie completely misses you.
The large abomination misses you.
Unknown command.
Unknown command.
You closely miss the caustic shrike zombie.
The caustic shrike zombie is almost destroyed.
The caustic shrike zombie claws you but does no damage.
The caustic shrike zombie claws you.
* * * LOW HITPOINT WARNING * * *
An ancient zyme comes into view.
You feel yourself growing ill in the presence of the ancient zyme.
You block the smoke demon's attack.
The smoke demon hits you but does no damage.
You block the smoke demon's attack. The caustic shrike zombie claws you!
You die...

Skill      XL: |  1  2  3  4  5  6  7  8  9 10 11 12 13 14 15 16 |
---------------+-------------------------------------------------+-----
Long Blades    | 3 5 6 7 8 9 10 13 14 15 | 15.8
Throwing       | 4 5 |  5.0
Dodging        | 4 5 10 11 | 11.0
Fighting       | 4 5 9 10 | 10.2
Invocations    | 5 7 8 11 12 | 12.2
Shields        | 5 |  5.0
Evocations     | 5 |  5.0
Armour         | 4 12 13 | 13.2

Action                     |  1- 3 |  4- 6 |  7- 9 | 10-12 | 13-15 | 16-18 || total
---------------------------+-------+-------+-------+-------+-------+-------++-------
  Melee: Long sword        |   136 |   146 |   271 |   328 |  1073 |       ||  1954
         Scimitar          |       |       |       |       |   251 |   230 ||   481
         Great sword       |       |       |       |       |       |   149 ||   149
  Throw: Dart              |       |     1 |    56 |    31 |    17 |    12 ||   117
         Throwing net      |       |       |     2 |       |     1 |       ||     3
 Invoke: Upheaval          |       |       |       |       |    11 |       ||    11
         Elemental Force   |       |       |       |       |     3 |     1 ||     4
         Disaster Area     |       |       |       |       |     3 |       ||     3
  Evoke: Wand              |       |       |     3 |    17 |    10 |       ||    30
    Use: Scroll            |     3 |     3 |     6 |     3 |     8 |    12 ||    35
         Potion            |       |       |     1 |     2 |    13 |     4 ||    20
   Stab: Sleeping          |     5 |     1 |       |       |       |       ||     6
         Held in net/web   |       |       |     1 |       |       |       ||     1
         Paralysed         |       |       |       |       |     4 |       ||     4
         Distracted        |       |       |       |       |     1 |       ||     1
 Armour: Leather armour    |    33 |    22 |    92 |    71 |   357 |   130 ||   705
         Troll leather arm |       |    34 |       |       |       |       ||    34
  Dodge: Dodged            |    78 |    65 |   121 |   135 |   560 |   206 ||  1165
         Repelled          |       |       |       |       |     5 |     7 ||    12
  Block: Buckler           |    50 |    61 |   114 |   215 |  1068 |   215 ||  1723
         Other             |       |       |       |       |       |   126 ||   126
         Reflection        |       |       |       |       |       |    16 ||    16

Levels and vault maps discovered:
D:1:      minmay_arrival_checkered_box, layout_basic,
          chequers_serial_rivers_small_a
D:2:      layout_loops_ring
D:3:      layout_loops_ring, gup_sewer_entry_bowl,
          chequers_ecumenical_altar_lobes
D:4:      layout_cave_pools, serial_shops, nicolae_shop_gibbet_a_chance,
          gammafunk_ghost_necromancy, nicolae_shop_fire_sale
          [nicolae_sub_dead_trees], kennysheep_potato
D:5:      layout_loops_ring, uniq_duvessa
D:6:      layout_cave_pools, old_standard_altar, grunt_decor_resistance,
          uniq_sigmund
D:7:      layout_basic, minmay_temple_entry_mist
D:8:      layout_loops_ring, hellmonk_lair_entry_icy,
          kennysheep_generic_room_16, uniq_maurice, uniq_maggie
D:9:      layout_roguey, orc_0_dummy, uniq_joseph
D:10:     gammafunk_the_bubble [the_bubble_gammafunk_roulette], layout_basic,
          lemuel_doored_altar, enter_bailey_8, uniq_sonja, uniq_lodul
D:11:     layout_loops_ring, billiards_dpeg
D:12:     layout_basic
D:13:     layout_layer_cave
D:14:     layout_stronghold, lightli_vaults_fourway_checkpoint,
          chequers_serial_rivers_room_a, uniq_josephine
D:15:     grunt_enter_depths_snipers, layout_gridville,
          minmay_misc_feat_four_crosses, minmay_misc_feat_room,
          reono_crystal_passage, hangedman_abyss_or_decor_jellyfish_corner,
          nicolae_fountain_basement, uniq_azrael, uniq_louise
Temple:   mainiacjoe_temple_big_plus
Lair:1:   layout_cave_shapes
Lair:2:   layout_misc_corridors, disabler_island
Lair:3:   layout_gridlike, minmay_shoals_entry_lonely_mermaid,
          nicolae_spider_entry_orb_guardian, basic_altar, grunt_megastairs_2,
          uniq_nessos
Lair:4:   layout_small_grid
Lair:5:   minmay_lair_end_enchanted_forest, layout_regular_city,
          dpeg_slime_entry_corner
Orc:1:    layout_caves, minmay_orc_treasury, uniq_nergalle
Orc:2:    grunt_orc_cross, layout_diamond_mine, nicolae_orc_lava_tube
Abyss:3:  base: D:10, base: D:4, evilmike_abyss_exit_16,
          evilmike_abyss_exit_glass, nicolae_abyss_rune_star_stuff,
          evilmike_abyss_exit_1, guppyfry_abyss_exit_imp_island,
          evilmike_nicolae_abyss_rune_betentacled_crabyss,
          nicolae_abyss_rune_left_handed, hangedman_abyss_or_decor_clamps,
          abyss_greek_temple, minivault_4, guppyfry_abyss_exit_glass_guarded

Notes
Turn   | Place    | Note
-------+----------+-------------------------------------------
     0 | D:1      | Drazool the Demonspawn Gladiator began the quest for the
                  | Orb.
     0 | D:1      | Reached XP level 1. HP: 16/16 MP: 1/1
    87 | D:1      | Reached skill level 3 in Long Blades
   163 | D:1      | Gained mutation: You regenerate a little health from kills.
                  | [demonic ancestry]
   163 | D:1      | Reached XP level 2. HP: 18/22 MP: 2/2
  1012 | D:2      | Gained mutation: A meltable shield of frost defends you.
                  | (SH +4) [demonic ancestry]
  1012 | D:2      | Reached XP level 3. HP: 19/27 MP: 3/3
  1148 | D:2      | Identified the +5 dagger "Ybeudag" {pain, MP+9}
  1207 | D:2      | Reached skill level 4 in Long Blades
  1559 | D:3      | Found a glowing drain.
  1563 | Sewer    | Entered a sewer
  1605 | Sewer    | Identified the staff of cold "Pukheest" {rF+ rC+ Will+
                  | Int+4 Dex+2}
  1702 | Sewer    | Noticed Pargi
  1718 | Sewer    | Killed Pargi
  1719 | Sewer    | Reached skill level 5 in Long Blades
  1719 | Sewer    | Reached XP level 4. HP: 9/33 MP: 4/4
  1719 | Sewer    | Reached XP level 5. HP: 11/38 MP: 5/5
  2194 | D:3      | Identified the +2 leather armour of Yredelemnul {rElec
                  | Int-4 Slay+5 SInv}
  2319 | D:3      | Reached skill level 6 in Long Blades
  2616 | D:3      | Found a faded altar of an unknown god.
  2738 | D:4      | Found Dohuskip's Armour Boutique.
  2871 | D:4      | Found Emeps's Fire Supplies.
  2900 | D:4      | Gained mutation: A meltable icy envelope protects you from
                  | harm. (AC +8) [demonic ancestry]
  2900 | D:4      | Reached XP level 6. HP: 33/44 MP: 6/6
  2994 | D:4      | Found a runed translucent gate.
  3005 | D:4      | Found a runed translucent gate.
  3005 | D:4      | Found a runed translucent gate.
  3067 | D:4      | Noticed jasper's ghost (amateur SpVM)
  3419 | D:5      | Entered Level 5 of the Dungeon
  3468 | D:5      | Reached skill level 7 in Long Blades
  3537 | D:5      | Gained mutation: A meltable icy envelope protects you from
                  | harm. (AC +8) [demonic ancestry]
  3537 | D:5      | Reached XP level 7. HP: 50/50 MP: 7/7
  3678 | D:5      | Reached skill level 8 in Long Blades
  3913 | D:5      | Noticed Dowan
  3940 | D:5      | Killed Dowan
  3941 | D:5      | Gained mutation: You have large cloven feet. [demonic
                  | ancestry]
  3941 | D:5      | Reached XP level 8. HP: 56/56 MP: 8/8
  4267 | D:6      | Reached skill level 2 in Throwing
  4267 | D:6      | Reached skill level 3 in Dodging
  4444 | D:5      | Reached skill level 3 in Fighting
  4554 | D:6      | Noticed Sigmund
  4560 | D:5      | Reached skill level 3 in Throwing
  4697 | D:6      | Reached skill level 4 in Dodging
  4849 | D:6      | Reached skill level 4 in Fighting
  4941 | D:6      | Killed Sigmund
  4942 | D:6      | Found a blossoming altar of Fedhas.
  5042 | D:7      | Reached skill level 4 in Throwing
  5057 | D:7      | Reached XP level 9. HP: 66/66 MP: 9/9
  5076 | D:7      | Found a staircase to the Ecumenical Temple.
  5088 | Temple   | Entered the Ecumenical Temple
  5235 | Temple   | Became a worshipper of Qazlal Stormbringer
  5666 | D:7      | Reached skill level 1 in Invocations
  5682 | D:7      | Reached skill level 5 in Fighting
  5798 | D:7      | Reached skill level 2 in Invocations
  5802 | D:7      | Reached skill level 5 in Dodging
  5832 | D:7      | Reached skill level 3 in Invocations
  5996 | D:7      | Reached skill level 5 in Throwing
  6030 | D:7      | Reached skill level 4 in Invocations
  6158 | D:8      | Reached skill level 5 in Invocations
  6163 | D:8      | Reached skill level 1 in Shields
  6170 | D:8      | Reached skill level 2 in Shields
  6173 | D:8      | Reached * piety under Qazlal
  6201 | D:8      | Reached skill level 3 in Shields
  6277 | D:8      | Noticed Maurice
  6306 | D:8      | Killed Maurice
  6307 | D:8      | Reached skill level 4 in Shields
  6724 | D:8      | Reached skill level 5 in Shields
  6724 | D:8      | Noticed Maggie
  6743 | D:8      | Killed Maggie
  6744 | D:8      | Reached skill level 9 in Long Blades
  6744 | D:8      | Reached XP level 10. HP: 43/74 MP: 13/13
  6889 | D:8      | Reached skill level 10 in Long Blades
  6889 | D:8      | Reached skill level 1 in Evocations
  6938 | D:8      | Found a staircase to the Lair.
  7333 | D:9      | Reached skill level 2 in Evocations
  7466 | D:9      | Reached skill level 3 in Evocations
  7579 | D:9      | Found a staircase to the Orcish Mines.
  7679 | D:9      | Noticed Joseph
  7692 | D:9      | Killed Joseph
  7693 | D:9      | Reached skill level 4 in Evocations
  7951 | D:9      | Reached skill level 5 in Evocations
  8189 | D:10     | Entered Level 10 of the Dungeon
  8189 | D:10     | Noticed Lodul
  8189 | D:10     | Noticed a gargoyle
  8236 | D:10     | Found a flagged portal.
  8281 | Bailey   | Entered a bailey
  8316 | Bailey   | Reached ** piety under Qazlal
  8322 | Bailey   | Reached skill level 6 in Invocations
  8340 | Bailey   | Noticed an orc knight
  8363 | Bailey   | Killed an orc knight
  8364 | Bailey   | Reached skill level 7 in Invocations
  8556 | Bailey   | Noticed an orc warlord
  8565 | Bailey   | Gained mutation: You are partially covered in rugged brown
                  | scales. (AC +1, +3% HP) [demonic ancestry]
  8565 | Bailey   | Reached XP level 11. HP: 58/81 MP: 16/16
  8568 | Bailey   | Reached *** piety under Qazlal
  8616 | Bailey   | Killed an orc warlord
  8617 | Bailey   | Reached skill level 11 in Long Blades
  8617 | Bailey   | Reached skill level 8 in Invocations
  8826 | Bailey   | Reached skill level 13 in Long Blades
  8826 | Bailey   | Reached XP level 12. HP: 88/88 MP: 18/18
  8901 | D:10     | Found a transporter.
  8903 | D:10     | Found a transporter.
  8908 | D:10     | Found a transporter.
  9023 | D:10     | Reached skill level 9 in Invocations
  9057 | D:10     | Noticed Sonja
  9067 | D:10     | Killed Sonja
  9124 | D:10     | Found an opulent altar of Gozag.
  9172 | D:10     | Found a transporter.
  9173 | D:10     | Noticed a jorogumo
  9192 | D:10     | Found a transporter.
  9327 | D:10     | Reached skill level 14 in Long Blades
  9327 | D:10     | Reached skill level 11 in Invocations
  9327 | D:10     | Gained mutation: You are mostly covered in rugged brown
                  | scales. (AC +2, +5% HP) [demonic ancestry]
  9327 | D:10     | Reached XP level 13. HP: 66/95 MP: 19/21
  9328 | D:10     | Reached skill level 9 in Fighting
  9328 | D:10     | Gained mutation: You regenerate health from kills. [demonic
                  | ancestry]
  9328 | D:10     | Reached XP level 14. HP: 79/113 MP: 19/22
  9333 | D:10     | Killed Lodul
  9334 | D:10     | Reached skill level 12 in Invocations
  9435 | D:10     | Noticed an azure jelly
  9439 | D:10     | an azure jelly changed into an alligator snapping turtle
  9778 | Lair:1   | Entered Level 1 of the Lair of Beasts
 10179 | Lair:1   | Reached skill level 6 in Dodging
 10788 | Lair:2   | Reached skill level 7 in Dodging
 10833 | Lair:2   | Reached **** piety under Qazlal
 11491 | Lair:3   | Reached skill level 8 in Dodging
 11744 | Lair:3   | Found an ancient bone altar of Kikubaaqudgha.
 11771 | Lair:3   | Found a staircase to the Shoals.
 11863 | Lair:3   | Noticed Nessos
 12251 | Lair:2   | Gained mutation: You do not regenerate when monsters are
                  | visible. [potion of mutation]
 12251 | Lair:2   | Gained mutation: You have a pair of small horns on your
                  | head. [potion of mutation]
 12252 | Lair:2   | Lost mutation: You have a pair of small horns on your head.
                  | [potion of mutation]
 12252 | Lair:2   | Lost mutation: You do not regenerate when monsters are
                  | visible. [potion of mutation]
 12252 | Lair:2   | Gained mutation: Your muscles are strong. (Str +4, Int/Dex
                  | -1) [potion of mutation]
 12252 | Lair:2   | Gained mutation: Your muscles are very strong. (Str +8,
                  | Int/Dex -2) [potion of mutation]
 12268 | Lair:3   | Killed Nessos
 12442 | Lair:3   | Reached skill level 9 in Dodging
 12567 | Lair:3   | Found a hole to the Spider Nest.
 12993 | Lair:3   | Reached skill level 10 in Dodging
 13011 | Lair:4   | Identified the +5 dagger "Sacona" {flame, rC+}
 13046 | Lair:4   | Reached skill level 1 in Armour
 13216 | Lair:4   | Reached skill level 2 in Armour
 13217 | Lair:4   | Identified the +5 longbow of Iloiq {freeze, rF+ Str+3
                  | Int-4}
 13342 | Lair:4   | Reached skill level 3 in Armour
 14203 | Lair:5   | Entered Level 5 of the Lair of Beasts
 14320 | Lair:5   | Reached skill level 4 in Armour
 14349 | Lair:5   | Reached XP level 15. HP: 118/118 MP: 18/24
 14351 | Lair:5   | Reached skill level 5 in Armour
 14448 | Lair:5   | Reached skill level 6 in Armour
 14755 | Lair:5   | Reached skill level 7 in Armour
 14996 | Lair:5   | Reached skill level 8 in Armour
 15159 | Lair:5   | Reached ***** piety under Qazlal
 15264 | Lair:5   | Reached skill level 9 in Armour
 15481 | Lair:5   | Found a staircase to the Slime Pits.
 15654 | Orc:1    | Entered Level 1 of the Orcish Mines
 15779 | Orc:2    | Entered Level 2 of the Orcish Mines
 16151 | Orc:2    | Reached skill level 10 in Armour
 16259 | Orc:2    | Found Huorhy's Antique Armour Boutique.
 16309 | Orc:2    | Found Alamuh's Antique Weapon Boutique.
 16362 | Orc:2    | Found Hanget's General Store.
 16510 | Orc:2    | Found a staircase to the Elven Halls.
 16620 | Orc:2    | Found Itozoxt's Jewellery Boutique.
 16983 | Orc:1    | Noticed Nergalle
 16985 | Orc:1    | Killed Nergalle
 17316 | Orc:1    | Reached skill level 11 in Armour
 17482 | Orc:1    | Identified the +0 scale mail of the Evil One {rF+ Will+
                  | Int+4}
 17483 | Orc:1    | Identified the +0 plate armour of Ashenzari's Favour {-Cast
                  | rElec rC+ Str+6}
 18034 | D:11     | Reached skill level 12 in Armour
 18411 | D:11     | You fall into a shaft and drop 2 floors!
 18533 | D:12     | Gained mutation: You have hoof-like feet. [demonic
                  | ancestry]
 18533 | D:12     | Reached XP level 16. HP: 119/126 MP: 17/25
 19389 | D:12     | Reached skill level 13 in Armour
 21626 | D:14     | Reached skill level 10 in Fighting
 21694 | D:14     | Identified the +11 war axe of Midsummer {heavy, MP+9 Dex+5}
 21832 | D:14     | Reached skill level 11 in Dodging
 21835 | D:14     | Found a gate to the Vaults.
 22075 | D:14     | Noticed Josephine
 22078 | D:14     | Killed Josephine
 22237 | D:15     | Entered Level 15 of the Dungeon
 22559 | D:15     | Reached skill level 15 in Long Blades
 22595 | D:15     | Noticed Azrael
 22607 | D:15     | Killed Azrael
 23122 | D:15     | Found a staircase to the Depths.
 23431 | D:15     | Noticed Louise
 23440 | D:15     | You are cast into the Abyss!
 23440 | Abyss:3  | Found a corrupted altar of Lugonu.
 23440 | Abyss:3  | Cast into level 3 of the Abyss (Louise)
 23613 | Abyss:3  | Gained mutation: You are vulnerable to heat. (rF-) [a
                  | neqoxec]
 23614 | Abyss:3  | Gained mutation: Your spells are a little easier to cast,
                  | but a little less powerful. [a neqoxec]
 23659 | Abyss:3  | Noticed a profane servitor
 23675 | Abyss:3  | Noticed a tentacled starspawn
 23677 | Abyss:3  | Noticed a lich
 23680 | Abyss:3  | Found a corrupted altar of Lugonu.
 23686 | Abyss:3  | Noticed a bone dragon
 23698 | Abyss:3  | Noticed a tentacled starspawn
 23704 | Abyss:3  | Killed a tentacled starspawn
 23765 | Abyss:3  | HP: 8/113 [caustic shrike zombie (5)]
 23765 | Abyss:3  | Slain by a caustic shrike zombie

Vanquished Creatures
  A tentacled starspawn (Abyss:3)
  A reaper (Abyss:3)
  3 orc warlords
  A stone giant (D:15)
  Nessos (Lair:3)
  Azrael (D:15)
  A fire dragon (D:15)
  Josephine (D:14)
  3 vault guards (D:14)
  3 centaur warriors
  5 boulder beetles
  3 catoblepae
  4 tengu warriors
  3 two-headed ogres
  An orc high priest (Orc:2)
  4 death yaks (Lair:5)
  Nergalle (Orc:1)
  Sonja (D:10)
  Lodul (D:10)
  A shadow wraith (Abyss:3)
  A wretched star (Abyss:3)
  A swamp dragon (Abyss:3)
  5 orc knights
  A deep elf pyromancer (D:15)
  A wolf spider (Lair:5)
  An oklob plant (Lair:2)
  5 manticores
  4 orc sorcerers
  2 ugly things (D:13)
  10 cyclopes
  A merfolk siren (Lair:3)
  18 elephants
  Maurice (D:8)
  4 black mambas
  A black mamba (shapeshifter) (D:14)
  A molten gargoyle (Orc:2)
  A smoke demon (Abyss:3)
  Joseph (D:9)
  Maggie (D:8)
  3 gargoyles
  An orange demon (Abyss:3)
  5 cane toads
  2 efreet
  An unseen horror (D:11)
  3 rime drakes
  A kobold demonologist (D:14)
  5 komodo dragons
  10 trolls
  7 polar bears
  7 blink frogs (Lair:2)
  3 raiju (Abyss:3)
  5 hornets
  23 slime creatures
  2 dream sheep (Lair:5)
  Sigmund (D:6)
  3 shadows
  5 flying skulls (Abyss:3)
  12 spriggans (Lair:5)
  5 wyverns
  A vampire (D:13)
  14 yaks
  A fire bat (Abyss:3)
  4 fire elementals (D:15)
  8 wraiths
  A neqoxec (Abyss:3)
  3 vampire mosquitoes (D:14)
  3 steam dragons
  2 basilisks
  2 wargs
  2 acid dragons
  A hell hound (D:15)
  13 water moccasins
  A floating eye (Lair:2)
  2 small abominations (Abyss:3)
  2 sky beasts
  6 ice beasts
  Pargi (Sewer)
  39 orc warriors
  6 black bears
  17 ogres
  33 wolves
  5 centaurs
  4 boggarts (Lair:5)
  A phantom (D:5)
  2 kobold brigands
  7 bullfrogs
  4 scorpions
  8 wights
  Dowan (D:5)
  14 killer bees (D:10)
  6 howler monkeys
  A lava snake (Orc:2)
  4 jellies
  21 orc priests
  3 hounds
  A sleepcap (D:5)
  21 orc wizards
  5 iguanas
  7 hell rats (Lair:4)
  7 gnolls (Bailey)
  8 adders
  A shadow imp (D:7)
  An ufetubus (D:6)
  2 dart slugs
  71 orcs
  5 endoplasms
  3 giant cockroaches
  15 goblins
  16 hobgoblins
  10 jackals
  5 quokkas
  4 ball pythons
  3 bats
  8 frilled lizards
  16 kobolds
  4 rats
  2 starspawn tentacles (Abyss:3)
662 creatures vanquished.

Vanquished Creatures (collateral kills)
  An orc warlord (Orc:2)
  A vault guard (D:14)
  A spriggan (Lair:5)
  A deep elf pyromancer (D:14)
  An orc knight (Orc:2)
  An orc sorcerer (Orc:2)
  2 elephants (Lair:5)
  A cane toad (Lair:3)
  A komodo dragon (Lair:5)
  A polar bear (Lair:5)
  A hornet (Lair:5)
  A water moccasin (Lair:5)
  A black bear (Lair:5)
  3 orc warriors
  An orc wizard (Orc:2)
  A gnoll (Bailey)
  An orc (Bailey)
  3 goblins (Bailey)
23 creatures vanquished.

Vanquished Creatures (others)
  An orc warrior (Bailey)
  3 starspawn tentacles (Abyss:3)
4 creatures vanquished.

Grand Total: 689 creatures vanquished

Table legend: (Time is in decaauts)
 A = Elapsed time spent in this place.
 B = Non-inter-level travel time spent in this place.
 C = Inter-level travel time spent in this place.
 D = Time resting spent in this place.
 E = Time spent auto-exploring this place.
 F = Levels seen in this place.
 G = Mean time per level.
                   A        B        C        D        E       F      G
               +--------+--------+--------+--------+--------+-----+--------+
         Total |  23463 |  22275 |   1188 |   1555 |  15466 |  26 |  902.4 |
       Dungeon |  14153 |  13394 |    759 |    880 |   9611 |  15 |  943.5 |
        Temple |    427 |    401 |     26 |      0 |    387 |   1 |  427.0 |
          Lair |   5607 |   5314 |    293 |    579 |   3577 |   5 | 1121.4 |
  Orcish Mines |   2037 |   1929 |    108 |      4 |   1386 |   2 | 1018.5 |
         Abyss |    370 |    370 |      0 |      0 |    141 |   1 |  370.0 |
         Sewer |    312 |    312 |      0 |     91 |     92 |   1 |  312.0 |
        Bailey |    555 |    555 |      0 |      0 |    272 |   1 |  555.0 |
               +--------+--------+--------+--------+--------+-----+--------+

Top non-repeatable levels by time:
  Lair:2: 1416 daAuts
    D:13: 1361 daAuts
  Lair:4: 1218 daAuts
  Lair:5: 1214 daAuts
    D:12: 1190 daAuts
    D:15: 1187 daAuts
   Orc:2: 1174 daAuts
     D:8: 1100 daAuts
    D:14: 1029 daAuts
  Lair:3: 1011 daAuts
     D:9: 953 daAuts
    D:10: 950 daAuts
     D:1: 935 daAuts
     D:3: 920 daAuts
     D:5: 872 daAuts

Table legend:
 A = Non-vault XP
 B = Vault XP
 C = Vault XP percentage of total XP
 D = Non-vault monster count
 E = Vault monster count
 F = Vault count percentage of total count
                 A         B        C        D         E       F
            +---------+---------+-------+---------+---------+-------
      Total |   81100 |   53281 |  39.6 |     424 |     259 |  37.9
            +---------+---------+-------+---------+---------+-------
        D:1 |      34 |       0 |   0.0 |      20 |       0 |   0.0
        D:2 |      31 |       0 |   0.0 |      13 |       0 |   0.0
        D:3 |     120 |       2 |   1.6 |      21 |       1 |   4.5
        D:4 |     253 |       5 |   1.9 |      14 |       3 |  17.6
        D:5 |    1049 |      66 |   5.9 |      21 |       1 |   4.5
        D:6 |     622 |     239 |  27.8 |       7 |       1 |  12.5
        D:7 |    1388 |       0 |   0.0 |      22 |       0 |   0.0
        D:8 |     372 |    2563 |  87.3 |      13 |      11 |  45.8
        D:9 |    1353 |     423 |  23.8 |      15 |       1 |   6.2
       D:10 |    2025 |    2240 |  52.5 |      19 |       8 |  29.6
       D:11 |    4633 |     581 |  11.1 |      22 |       3 |  12.0
       D:12 |    9623 |       0 |   0.0 |      24 |       0 |   0.0
       D:13 |    6079 |       0 |   0.0 |      12 |       0 |   0.0
       D:14 |    6132 |    9367 |  60.4 |      16 |      18 |  52.9
       D:15 |    2996 |    4617 |  60.6 |       5 |       9 |  64.3
     Lair:1 |    2660 |       0 |   0.0 |      14 |       0 |   0.0
     Lair:2 |    3836 |     713 |  15.7 |      20 |       2 |   9.1
     Lair:3 |    8364 |    2337 |  21.8 |      23 |       4 |  14.8
     Lair:4 |    4996 |       0 |   0.0 |      22 |       0 |   0.0
     Lair:5 |   12690 |    8902 |  41.2 |      30 |      47 |  61.0
      Orc:1 |    1449 |   10014 |  87.4 |      11 |      53 |  82.8
      Orc:2 |    2448 |    6808 |  73.6 |      40 |      32 |  44.4
    Abyss:3 |    7947 |     703 |   8.1 |      20 |       1 |   4.8
      Sewer |       0 |     156 | 100.0 |       0 |      10 | 100.0
     Bailey |       0 |    3545 | 100.0 |       0 |      54 | 100.0
            +---------+---------+-------+---------+---------+-------
